 Dungeon Crawl Stone Soup version 0.14-a0-1844-g8283a67 (webtiles) character file.

334 Piginabag the Charlatan (level 5, -5/45 HPs)
             Began as a Deep Dwarf Artificer on Jan 12, 2014.
             Killed by divine providence
             ... invoked by an orc priest
              (13 damage)
             ... on Level 4 of the Dungeon.
             The game lasted 00:10:50 (2833 turns).

Piginabag the Charlatan (Deep Dwarf Artificer)      Turns: 2833, Time: 00:10:50

HP  -5/45        AC  3     Str 15      XL: 5   Next: 67%
MP   8/8         EV 13     Int 13      God:
Gold 110         SH  0     Dex 13      Spells:  0 memorised,  4 levels left

rFire  . . .     SeeInvis .     a - +0 dwarf short sword
rCold  . . .     Clarity  .     u - +0 leather armour (curse)
rNeg   . . .     Conserve .     (no shield)
rPois  .         rCorr    .     (no helmet)
rElec  .         rRot     .     (no cloak)
SustAb . .       Spirit   .     (no gloves)
rMut   .         Warding  .     (no boots)
Saprov . . .     Stasis   .     (no amulet)
                                (no ring)
                                x - ring of wizardry

@: non-regenerating, somewhat resistant to hostile enchantments, unstealthy
A: damage resistance, recharge devices, sense surroundings 1, slow healing 3
a: Device Recharging


You were on level 4 of the Dungeon.
You were hungry.

You visited 1 branch of the dungeon, and saw 4 of its levels.

You collected 110 gold pieces.

Inventory:

Hand weapons
 a - a +0,+0 dwarven short sword (weapon)
 k - a +2 blowgun of evasion
Missiles
 y - 9 poisoned needles
Armour
 e - a +0 leather armour
 u - a cursed +0 leather armour (worn)
Magical devices
 b - a wand of flame (0)
 c - a wand of enslavement (15)
 f - a wand of heal wounds (2)
 n - a wand of fireball (0)
Comestibles
 d - a meat ration
 g - 4 bread rations
 m - a choko
 o - a rambutan
 p - a banana
 t - a beef jerky
Scrolls
 h - a scroll of teleportation {unknown}
 r - 2 scrolls of identify
 s - a scroll of curse weapon {unknown}
 w - a scroll of recharging
 z - a scroll of fear {unknown}
Jewellery
 x - a ring of wizardry (left hand)
Potions
 i - 2 potions of curing {unknown}
 j - a potion of paralysis {unknown}
 l - a potion of might {unknown}
 q - a potion of confusion {unknown}
 v - 2 potions of cure mutation {unknown}


   Skills:
 + Level 1.6 Fighting
 + Level 1.2 Short Blades
 + Level 2.6 Armour
 + Level 4.1 Dodging
 + Level 1.9 Stealth
 + Level 5.7 Evocations


You had 4 spell levels left.
You didn't know any spells.

Dungeon Overview and Level Annotations

Branches:
Dungeon (4/16)
 Temple: D:4-7

Altars:


Innate Abilities, Weirdness & Mutations

You are resistant to damage.
You can recharge devices by infusing magical energy.
You passively map a small area around you.
You do not heal naturally.


Message History

The orc hits you with an orcish club.
You hit the orc.
You kill the orc!
The orc priest mumbles some strange prayers to Beogh against you.
Something smites you!
You hit the orc.
The orc is severely wounded.
The orc hits you but does no damage.
You hit the orc.
You kill the orc!
The orc priest looks more healthy.
You hit the orc priest.
The orc priest is almost dead.
The orc priest hits you with an orcish flail!
* * * LOW HITPOINT WARNING * * *
You barely miss the orc priest.
The orc priest is almost dead.
The orc priest mumbles some strange prayers to Beogh against you.
Something smites you!
You die...

#>........# ###
#######.### # ,*
#.....# # #
##'##### ## ... *
#......# #. ..$.,
###......# ##' ,
..... #.'......#
#.. ,
.......##.#......#
* *#.#
......(o@.#......#*
,+.# ,
,.......####.%....#
#.# ..... *
#......# * #.# (...
#......# #.# ...,
,* #.....># * #.. .
, * #......+ ##+ *
* #......# *
#####+# * *


You could see an orc priest.

Vanquished Creatures
  Sigmund (D:3)
  A worker ant (D:4)
  Ijyb (D:3)
  3 adders
  3 worms
  4 giant geckos
  3 orcs
  5 goblins
  7 hobgoblins
  3 jackals (D:2)
  9 kobolds
  A quokka (D:4)
  A ball python (D:1)
  11 bats
  2 giant cockroaches
  8 giant newts (D:1)
  8 rats
71 creatures vanquished.

Vanquished Creatures (collateral kills)
  A giant newt (D:1)
1 creature vanquished.

Grand Total: 72 creatures vanquished

Notes
Turn   | Place    | Note
--------------------------------------------------------------
     0 | D:1      | Piginabag, the Deep Dwarf Artificer, began the quest for the Orb.
     0 | D:1      | Reached XP level 1. HP: 16/16 MP: 1/1
   159 | D:1      | Reached XP level 2. HP: 19/24 MP: 3/3
   227 | D:1      | Reached skill level 1 in Short Blades
   457 | D:1      | Reached skill level 5 in Evocations
   485 | D:1      | HP: 1/24 [giant gecko (4)]
   488 | D:1      | Reached skill level 1 in Fighting
   715 | D:2      | Reached XP level 3. HP: 27/31 MP: 5/5
  1381 | D:2      | Reached skill level 1 in Armour
  1757 | D:2      | Reached XP level 4. HP: 24/38 MP: 7/7
  1988 | D:3      | Noticed Ijyb
  2025 | D:3      | Killed Ijyb
  2512 | D:3      | Noticed Sigmund
  2531 | D:3      | Killed Sigmund
  2531 | D:3      | Reached XP level 5. HP: 22/44 MP: 9/9
  2833 | D:4      | Killed from afar by an orc priest

Action                   |  1- 3 |  4- 6 || total
-------------------------+-------+-------++-------
Melee: Short sword       |    97 |   145 ||   242
 Fire: Blowgun           |       |     3 ||     3
 Abil: Device Recharging |       |     1 ||     1
Evoke: Wand              |    24 |    17 ||    41
  Use: Scroll            |     2 |     6 ||     8
 Stab: Paralysed         |     1 |       ||     1
